cohdb
Replays
Latest Replays
All Replays
Popular Replays
Top Player Replays
Match Explorer
How It Works
Community
CoH3 Stats
Reddit
Sign in to upload your games and track your stats! →
Sign in with Steam
Standard meta stuff, but hard fought
Match 10659455
Overview
Messages
Build Orders
End
Construct Barracks
Selects Armored Battlegroup
Selects Veteran Crews
Selects Fast Deploy
1⁄4-ton 4x4 Truck
Riflemen Squad
Riflemen Squad
Riflemen Squad
Infantry Support Center
M1 Mortar Team
M1918 Browing Automatic Rifles
Construct Medical Station
Construct Motor Pool
Munitions Surplus
M1 Anti-tank Gun Team
Selects Seek and Destroy
Grenade Package
Riflemen Squad
Survival Training
M1 Anti-tank Gun Team
Advanced Logisitcs
Selects M4A3E8 Sherman Combat Group
M4A3E8 Sherman Combat Group
M4A3E8 Sherman Combat Group
Pewter DAKson
Vegan Piranha
0
0
Comments
sign in to comment!
No comments posted yet!